Map: [ESL] Dragon Scales

Players

ShoWTimE - Winner!

  • Race: Protoss Protoss
  • Spawn Location: 5:00

Fjant

  • Race: Zerg Zerg
  • Spawn Location: 11:00

Event: ESL SC2 Masters 2023 Summer (Finals)

VOD

Have the link to the VOD?

Description

Time

  • Played on: June 16, 2023, 9:34 a.m.
  • Length: 8:55

All games in this series

Show
View Real Time Build Order
Export as new Build Order

ShoWTimE Protoss - Winner!

Build Orders: 1 Gate Expand, Oracle Opening 

Get SALT Encoding   

  12  0:00  Probe  
  13  0:12  Probe  
  14  0:18  Pylon  
  14  0:24  Probe  
  15  0:36  Probe (Chrono Boost)  
  15  0:37  Gateway  
  16  0:45  Probe (Chrono Boost)  
  16  0:46  Assimilator  
  17  0:51  Probe  
  18  1:03  Probe  
  19  1:15  Probe  
  20  1:23  Nexus  
  20  1:33  Cybernetics Core  
  20  1:35  Probe  
  21  1:41  Assimilator  
  21  1:47  Probe  
  21  1:50  Pylon  
  22  1:59  Probe  
  23  2:06  Adept (Chrono Boost)  
  23  2:11  Probe  
  26  2:20  Stargate  
  26  2:23  Probe (Chrono Boost)  
  26  2:26  Adept (Chrono Boost)  
  29  2:34  Warp Gate  
  29  2:35  Probe (Chrono Boost)  
  31  2:41  Probe (Chrono Boost)  
  32  2:44  Probe (Chrono Boost)  
  32  2:48  Probe (Chrono Boost)  
  32  2:49  Probe (Chrono Boost), Adept  
  35  2:53  Pylon  
  36  3:00  Probe  
  36  3:01  Probe  
  36  3:05  Oracle (Chrono Boost)  
  38  3:12  Probe  
  42  3:14  Probe  
  42  3:19  Adept  
  45  3:24  Probe  
  46  3:27  Probe  
  46  3:28  Gateway  
  46  3:32  Pylon  
  47  3:36  Probe, Oracle (Chrono Boost)  
  47  3:39  Probe  
  52  3:48  Probe  
  53  3:51  Probe  
  53  4:05  Probe x2, Oracle (Chrono Boost)  
  53  4:09  Pylon  
  58  4:14  Nexus  
  58  4:17  Pylon  
  58  4:18  Probe x2  
  60  4:24  Assimilator  
  60  4:26  Assimilator  
  60  4:30  Probe  
  61  4:35  Adept x2  
  61  4:37  Probe  
  63  4:42  Probe  
  63  4:44  Forge  
  64  4:47  Twilight Council  
  64  4:49  Probe  
  65  4:54  Probe  
  65  4:55  Gateway  
  66  5:01  Probe  
  66  5:06  Probe  
  68  5:11  Stalker x2  
  68  5:12  Gateway  
  68  5:13  Probe  
  73  5:16  Blink (Chrono Boost)  
  73  5:19  Probe (Chrono Boost)  
  73  5:20  Protoss Ground Weapons Level 1 (Chrono Boost)  
  74  5:27  Probe (Chrono Boost)  
  72  5:30  Probe (Chrono Boost)  
  72  5:32  Shield Battery  
  73  5:37  Probe (Chrono Boost)  
  73  5:40  Probe (Chrono Boost)  
  73  5:41  Stalker x2  
  76  5:47  Probe  
  76  5:48  Probe, Pylon, Forge  
  78  5:54  Stalker  
  76  6:06  Stalker, Shield Battery  
  76  6:07  Stalker x2  
  76  6:10  Shield Battery  
  80  6:14  Probe x2  
  80  6:15  Probe  
  80  6:16  Photon Cannon  
  83  6:22  Stalker  
  85  6:27  Protoss Ground Armor Level 1 (Chrono Boost), Pylon  
  85  6:29  Robotics Facility  
  85  6:30  Stalker x2  
  89  6:33  Stalker  
  91  6:41  Gateway  
  91  6:44  Pylon  
  91  6:47  Stalker  
  91  6:53  Stalker x2  
  97  6:57  Photon Cannon  
  97  6:58  Shield Battery  
  97  7:02  Stalker  
  97  7:08  Gateway x2  
  99  7:10  Gateway  
  99  7:12  Charge (Chrono Boost), Gateway  
  99  7:21  Observer  
  100  7:23  Stalker x3  
  106  7:30  Stalker  
  108  7:37  Stalker  
  108  7:41  Pylon  
  108  7:43  Warp Prism  
  112  7:48  Stalker x2  
  112  7:50  Assimilator  
  116  7:52  Pylon  
  116  7:55  Pylon  
  116  7:57  Pylon  
  116  7:58  Pylon  
  116  8:07  Stalker x5  
  116  8:11  Probe  
  125  8:18  Pylon  
  125  8:20  Stalker x3  
  131  8:37  Stalker x5  
  141  8:42  Probe x2  
  143  8:48  Stalker  
  143  8:52  Pylon  
Show
View Real Time Build Order
Export as new Build Order

Fjant Zerg 

Build Orders: Hatch First 

Get SALT Encoding   

  12  0:00  Drone  
  13  0:12  Overlord  
  13  0:20  Drone  
  14  0:30  Drone  
  14  0:31  Drone  
  16  0:48  Hatchery  
  15  0:54  Drone  
  16  0:58  Drone x2  
  18  1:13  Extractor  
  18  1:14  Spawning Pool  
  18  1:17  Drone  
  17  1:21  Drone  
  18  1:28  Drone  
  19  1:41  Drone  
  20  1:49  Drone  
  21  2:01  Queen x2  
  21  2:02  Zergling x4  
  27  2:10  Overlord  
  27  2:16  Drone, Metabolic Boost  
  28  2:31  Drone, Hatchery  
  28  2:35  Drone  
  28  2:36  Drone  
  30  2:40  Drone  
  31  2:45  Drone  
  31  2:48  Overlord  
  32  2:53  Zergling x2  
  32  2:55  Queen  
  35  3:05  Queen  
  35  3:06  Extractor  
  35  3:08  Overlord  
  35  3:11  Zergling x4  
  39  3:16  Drone  
  39  3:17  Drone  
  41  3:23  Drone x3  
  43  3:29  Drone  
  44  3:36  Queen  
  46  3:44  Drone x3  
  46  3:46  Queen  
  50  3:51  Zergling x10  
  55  4:00  Overlord  
  52  4:03  Spore Crawler  
  52  4:10  Drone x4  
  56  4:18  Queen  
  56  4:23  Drone x3  
  56  4:24  Drone x4  
  65  4:28  Spore Crawler  
  59  4:39  Overlord  
  59  4:40  Lair  
  59  4:42  Drone x2  
  60  4:46  Zergling x4  
  60  4:50  Overlord  
  62  4:55  Zergling x6  
  62  5:08  Zergling x12  
  62  5:13  Drone x5  
  71  5:18  Drone x3  
  71  5:25  Drone x4  
  73  5:37  Overlord  
  72  5:45  Queen x2  
  72  5:46  Nydus Network  
  74  5:50  Queen  
  74  5:51  Spore Crawler  
  72  5:59  Zergling x8  
  72  6:03  Zergling x2  
  72  6:04  Zergling x6  
  73  6:13  Zergling x8  
  77  6:20  Zergling x10  
  77  6:21  Queen  
  84  6:37  Nydus Canal  
  84  6:38  Zergling x8  
  84  6:39  Zergling x8  
  89  6:46  Zergling x6  
  90  6:54  Nydus Canal  
  89  6:57  Overlord x2  
  89  7:01  Overlord  
  87  7:08  Nydus Canal  
  87  7:13  Overlord x3  
  87  7:17  Extractor, Overlord  
  87  7:18  Zergling x2  
  87  7:19  Zergling x22  
  96  7:26  Zergling x2  
  96  7:28  Zergling x6  
  98  7:36  Queen x3, Zergling x4  
  106  7:44  Zergling x4  
  106  7:52  Zergling x10  
  108  8:01  Zergling x4  
  108  8:05  Zergling x2  
  102  8:11  Queen  
  102  8:12  Queen x2, Zergling x4  
  105  8:18  Evolution Chamber  
  104  8:22  Zergling x8  
  104  8:26  Hatchery  
  95  8:28  Zergling x8  
  93  8:35  Zergling x2  
Tags
 
Add a new tag
Caveats
  • Supply blocks, unpowered buildings, or Contaminate may cause inaccurate times.
  • Supply counts are checked every 10 seconds.